 Dungeon Crawl Stone Soup version 0.28.0 (webtiles) character file.

Game seed: 12778393155322597339

158243 pkoi the Devastator (level 17, 0/128 HPs)
             Began as a Purple Draconian Conjurer on Feb 8, 2022.
             Was a High Priest of Vehumet.
             Hit by a silver javelin thrown by a merfolk javelineer (15 damage)
             ... on level 4 of the Shoals on Feb 9, 2022.
             The game lasted 02:02:15 (47953 turns).

pkoi the Devastator (Purple Draconian Conjurer)    Turns: 47953, Time: 02:02:15

Health: 0/128      AC: 17    Str:  7    XL:     17   Next: 14%
Magic:  6/40       EV: 14    Int: 25    God:    Vehumet [*****.]
Gold:   1788       SH:  0    Dex: 11    Spells: 4/37 levels left

rFire   + . .      SeeInvis +   h - +7 mace of Imbalance {vorpal, Fly Str-3 SInv}
rCold   + . .      Faith    .   (no shield)
rNeg    . . .      Spirit   .   (armour unavailable)
rPois   +          Reflect  .   U - +2 hat {Stlth+}
rElec   .          Harm     .   u - scarf {repulsion}
rCorr   .          Rampage  .   S - +3 pair of gauntlets of War {Slay+5}
Will    ++...                   p - +1 pair of boots
Stlth   ++++......              s - amulet of magic regeneration
HPRegen 0.31/turn               V - ring "Zitod" {rPois rF+ rC+}
MPRegen 0.67/turn               W - ring of magical power

@: flying, studying Long Blades, repel missiles
A: breathe power, AC +9, unfitting armour, cold-blooded
a: Breathe Dispelling Energy, Renounce Religion


You were on level 4 of the Shoals.
You worshipped Vehumet.
Vehumet was extremely pleased with you.
You visited 5 branches of the dungeon, and saw 26 of its levels.
You also visited: Ice Cave.

You collected 1788 gold pieces.

Inventory:

Hand Weapons
 h - the +7 mace of Imbalance (weapon) {vorpal, Fly Str-3 SInv}
   (You found it on level 2 of the Dungeon)

   It inflicts extra damage upon your enemies.
   Str:       It affects your strength (-3).
   SInv:      It lets you see invisible.
   Fly:       It grants you flight.
 O - the +9 quarterstaff "Gusyorgh" {vorpal, rN+ Dex+4}
   (You found it on level 3 of the Lair of Beasts)

   It inflicts extra damage upon your enemies.
   Dex:       It affects your dexterity (+4).
   rN:        It protects you from negative energy.
Missiles
 a - 29 poisoned darts
 c - 11 curare-tipped darts
 m - 5 throwing nets
Armour
 p - a +1 pair of boots (worn)
 u - a scarf of repulsion (worn)
 S - the +3 pair of gauntlets of War (worn) {Slay+5}
   (You found it on level 6 of the Lair of Beasts)

   Slay:      It affects your accuracy & damage with ranged weapons and melee
   (+5).
 U - a +2 hat of stealth (worn)
Magical Staves
 e - a staff of fire
Jewellery
 l - a ring of see invisible
 s - an amulet of magic regeneration (around neck)
 w - a ring of flight
 x - a ring of protection from cold
 V - the ring "Zitod" (left hand) {rPois rF+ rC+}
   (You took it off a gnoll on level 8 of the Dungeon)

   [ring of protection from fire]

   rF:        It protects you from fire.
   rC:        It protects you from cold.
   rPois:     It protects you from poison.
 W - a ring of magical power (right hand)
Wands
 b - a wand of acid (5)
 i - a wand of charming (8)
 z - a wand of flame (53)
 B - a wand of mindburst (24)
 E - a wand of iceblast (3)
 M - a wand of paralysis (4)
 N - a wand of digging (10)
Scrolls
 k - a scroll of magic mapping
 r - a scroll of enchant armour
 t - a scroll of fog
 C - 7 scrolls of identify
 D - 6 scrolls of teleportation
 F - 2 scrolls of blinking
 G - 3 scrolls of fear
 K - 2 scrolls of enchant weapon
 L - 2 scrolls of amnesia
 R - a scroll of silence
 Y - a scroll of summoning
 Z - 2 scrolls of brand weapon
Potions
 d - a potion of magic
 f - a potion of cancellation
 g - 7 potions of curing
 j - 2 potions of brilliance
 n - 4 potions of flight
 q - 4 potions of heal wounds
 A - 2 potions of might
 H - 3 potions of haste
 I - 4 potions of ambrosia
 Q - a potion of berserk rage
Miscellaneous
 v - a box of beasts


   Skills:
 - Level 6.0 Fighting
 - Level 3.0 Long Blades
 - Level 4.5 Staves
 - Level 8.1 Dodging
 - Level 6.0 Stealth
 + Level 10.9 Spellcasting
 - Level 15.0 Conjurations
 * Level 8.4 Summonings
 - Level 9.2 Translocations
 - Level 12.3 Fire Magic
 - Level 9.5 Ice Magic
 - Level 11.9 Air Magic
 - Level 6.0 Poison Magic
 - Level 3.0 Evocations


You had 4 spell levels left.
You knew the following spells:

 Your Spells              Type           Power      Damage    Failure   Level
a - Magic Dart            Conj           100%       1d8       0%          1
b - Spellforged Servitor  Conj/Summ      32%        N/A       9%          7
c - Iskenderun's Mystic   Conj/Tloc      65%        2d13      1%          4
d - Mephitic Cloud        Conj/Pois/Air  62%        N/A       1%          3
e - Poisonous Vapours     Pois/Air       100%       N/A       1%          2
f - Blink                 Tloc           100%       N/A       1%          2
g - Fireball              Conj/Fire      35%        3d15      1%          5
h - Airstrike             Air            32%        N/A       1%          4
i - Freezing Cloud        Conj/Ice/Air   32%        6-21      1%          5

Your spell library contained the following spells:

 Spells                   Type           Power      Damage    Failure   Level
 Lee's Rapid Deconstruct  Erth           6%         3d7*      30%         5
 Searing Ray              Conj           100%       2d8       0%          2
 Call Imp                 Summ           54%        N/A       1%          2
 Static Discharge         Conj/Air       69%        N/A       1%          2
 Dazzling Flash           Conj/Hex       100%       N/A       1%          3
 Lesser Beckoning         Tloc           56%        N/A       1%          3
 Portal Projectile        Hex/Tloc       72%        N/A       1%          3
 Stone Arrow              Conj/Erth      100%       3d13      1%          3
 Fulminant Prism          Conj/Hex       25%        3d14      1%          4
 Sticky Flame             Conj/Fire      70%        2d8       1%          4
 Animate Dead             Necr           6%         N/A       41%         4
 Dispel Undead            Necr           13%        3d9       41%         4
 Manifold Assault         Tloc           56%        N/A       2%          5
 Simulacrum               Ice/Necr       18%        N/A       69%         6
 Blade Hands              Tmut           6%         N/A       77%         5
 Borgnjor's Vile Clutch   Necr/Erth      6%         N/A       77%         5
 Excruciating Wounds      Necr           6%         N/A       77%         5
 Lehudib's Crystal Spear  Conj/Erth      25%        10d7      96%         8
 Death Channel            Necr           6%         N/A       100%        6
 Polar Vortex             Ice            28%        N/A       100%        9
 Animate Armour           Summ/Erth      Unusable   N/A       N/A         4

Dungeon Overview and Level Annotations

Branches:
Dungeon (11/15)            Temple (1/1) D:5            Lair (6/6) D:9
 Shoals (4/4) Lair:4        Snake (4/4) Lair:3        Slime (0/5) Lair:6
    Orc (0/2) D:10          IceCv (visited)

Altars:
Ashenzari
Cheibriados
Dithmenos
Elyvilon
Fedhas
Gozag
Hepliaklqana
Kikubaaqudgha
Makhleb
Nemelex Xobeh
Okawaru
Qazlal
Ru
Sif Muna
Trog
Uskayaw
Vehumet
Wu Jian
Xom
Yredelemnul
Zin
The Shining One
Jiyva

Shops:
Shoals:2 =   Snake:1 :

Portals:
Abyss: Snake:4

Annotations:
Lair:6 1 runed translucent door
Shoals:3 2 transporters, fearitself's ghost, adept MiBe


Innate Abilities, Weirdness & Mutations

You can breathe bolts of dispelling energy.
Your rich purple scales are hard. (AC +9)
You cannot fit into any form of body armour.
You are cold-blooded and may be slowed by cold attacks.


Message History

Casting: Fireball (safe; 1% risk of failure)
Confirm with . or Enter, or press ? or * to list all spells.
Aiming: Freezing Cloud (mildly dangerous; 1% risk of failure)
Press: ? - help, Dir - move target The harpy is engulfed in freezing vapours. x2
A wind drake comes into view.
The merfolk javelineer is engulfed in freezing vapours.
Unknown command.
The harpy claws you but does no damage. The harpy barely misses you.
Casting: Freezing Cloud (mildly dangerous; 1% risk of failure)
Confirm with . or Enter, or press ? or * to list all spells.
Aiming: Airstrike (safe; 1% risk of failure)
Press: ? - help, Dir - move target, f - harpy
Aim: a harpy (moderately wounded, empty space bonus: 6/8)
The air twists around and strikes the harpy!!
The harpy is severely wounded.
The harpy barely misses you. The harpy claws you.
* * * LOW HITPOINT WARNING * * *
The wind drake flaps its wings at you. The air twists around and strikes you.
* * * LOW HITPOINT WARNING * * *
Casting: Airstrike (safe; 1% risk of failure)
Confirm with . or Enter, or press ? or * to list all spells.
Aiming: Airstrike (safe; 1% risk of failure)
Press: ? - help, Dir - move target, f/p - harpy
Aim: a harpy (severely wounded, empty space bonus: 6/8)
The air twists around and strikes the harpy!
You kill the harpy!
Vehumet accepts your kill.
You feel your power returning. The wind drake flaps its wings at you.
The air twists around and strikes you!
* * * LOW HITPOINT WARNING * * *
The merfolk javelineer throws a silver javelin.
The silver javelin pierces through you but does no damage.
* * * LOW HITPOINT WARNING * * *
There is a stone staircase leading up here.
The merfolk javelineer throws a silver javelin.
The silver javelin pierces through you!
You die...

...≈≈≈≈≈≈≈..#
#..≈≈≈≈≈≈≈°.# ....
≈...≈≈≈≈≈≈.### ##....
#...≈≈≈≈≈≈mk.###### ......
....≈≈≈≈≈≈≈≈.≈#≈#≈##.....≈
....≈≈≈≈≈≈≈≈≈..≈........≈≈
....≈≈≈≈≈≈≈≈≈≈..........≈≈
≈..≈≈≈≈≈≈≈≈≈≈≈.......≈..≈≈
≈≈≈≈≈≈≈≈≈≈≈≈≈≈..@...≈≈≈≈≈≈
≈≈≈≈≈≈≈≈≈≈≈≈≈≈≈≈..≈≈≈≈≈≈≈≈
≈≈≈≈≈≈≈≈≈≈≈≈≈≈≈≈≈≈≈≈≈≈≈≈≈≈
≈≈≈≈≈≈≈≈≈≈≈≈≈≈≈≈≈≈≈≈≈≈≈≈≈≈
≈≈≈≈≈≈≈≈≈≈≈≈≈≈≈≈≈≈≈≈≈≈≈≈≈≈
≈≈≈≈≈≈≈≈≈≈≈≈≈≈≈≈≈≈≈≈≈≈≈≈≈≈
##########################


You could see a merfolk javelineer and a wind drake (repels missiles).

Vanquished Creatures
  Mara (Snake:3)
  A kraken (Shoals:2)
  Gastronok (D:8)
  A nagaraja (Snake:3)
  A frost giant (Shoals:4)
  2 elemental wellsprings (Shoals:1)
  Snorg (D:10)
  Josephine (Lair:5)
  8 merfolk impalers
  Fannar (Lair:3)
  11 naga warriors
  A merfolk avatar (Shoals:4)
  2 catoblepae
  7 hydras
  A salamander tyrant (Snake:2)
  A boulder beetle (Lair:6)
  A death knight (D:11)
  Erica (D:10)
  4 two-headed ogres
  The ghost of krigyl the Grappler, a novice DrCA of Ignis (D:8)
  4 anacondas
  A centaur warrior (Shoals:1)
  5 merfolk aquamancers
  2 satyrs
  A deep troll shaman (Lair:6)
  11 death yaks
  Urug (Lair:2)
  9 shock serpents
  5 naga sharpshooters
  Sonja (D:10)
  5 sea snakes
  4 salamander mystics
  2 naga ritualists
  14 fauns
  5 harpies
  3 mana vipers
  8 manticores
  11 salamanders
  A cyclops (D:8)
  5 guardian serpents
  29 black mambas
  22 elephants
  10 water nymphs
  18 naga magi
  3 gargoyles
  9 merfolk sirens
  13 cane toads
  A torpor snail (Lair:5)
  3 rime drakes
  9 komodo dragons
  3 freezing wraiths (D:11)
  A kobold demonologist (D:11)
  17 merfolk
  A tengu conjurer (D:10)
  2 wind drakes
  2 trolls
  6 polar bears
  12 blink frogs
  24 dream sheep
  11 snapping turtles
  2 shadows (D:10)
  13 water elementals
  4 wraiths
  Grum (D:8)
  2 wyverns (D:8)
  3 basilisks
  58 yaks
  2 steam dragons (D:7)
  6 vampire mosquitoes
  37 nagas
  A two-headed ogre zombie (D:10)
  3 acid dragons
  15 water moccasins
  2 ice beasts (D:8)
  A hornet zombie (D:9)
  4 orc warriors
  A necrophage (D:7)
  2 sky beasts
  5 ogres
  4 centaurs
  25 wolves
  3 phantoms
  2 kobold brigands
  7 gnoll sergeants
  17 bullfrogs
  A wyvern zombie (D:8)
  2 scorpions
  A troll zombie (D:10)
  3 killer bees
  6 wights
  2 howler monkeys
  A crimson imp (D:4)
  5 centaur zombies
  3 orc priests
  A jelly (D:6)
  3 hounds
  A centaur skeleton (D:6)
  2 gnoll shamans (D:8)
  3 iguanas
  5 hell rats (Lair:2)
  5 orc wizards
  6 ogre zombies (D:10)
  A hound skeleton (D:5)
  3 howler monkey zombies
  26 gnolls
  4 adders
  A white imp (D:5)
  2 worms (D:2)
  3 dart slugs
  27 orcs
  7 ball pythons
  6 endoplasms
  3 giant cockroaches
  9 goblins
  4 hobgoblins
  4 quokkas
  3 bats
  A frilled lizard (D:1)
  4 goblin skeletons
  3 goblin zombies (D:10)
  2 hobgoblin skeletons (D:10)
  4 hobgoblin zombies
  15 kobolds
  2 kobold skeletons (D:4)
  A kobold zombie (D:4)
  3 orc skeletons
  19 orc zombies
  5 rats
  3 tentacles (Shoals:2)
777 creatures vanquished.

Vanquished Creatures (others)
  A naga (Snake:1)
  A bush (Lair:6)
  40 fungi
  219 plants
  A tentacle (Shoals:2)
262 creatures vanquished.

Grand Total: 1039 creatures vanquished

Notes
Turn   | Place    | Note
-------+----------+-------------------------------------------
     0 | D:1      | pkoi the Draconian Conjurer began the quest for the Orb.
     0 | D:1      | Reached XP level 1. HP: 14/14 MP: 3/3
   414 | D:1      | Reached XP level 2. HP: 20/20 MP: 0/5
   500 | D:1      | Learned a level 2 spell: Searing Ray
   966 | D:1      | Found a faded altar of an unknown god.
  1171 | D:2      | Reached skill level 5 in Conjurations
  1171 | D:2      | Reached XP level 3. HP: 24/26 MP: 0/6
  1478 | D:2      | Identified the +7 mace of Imbalance {vorpal, Fly Str-3
                  | SInv}
  1706 | D:2      | Reached XP level 4. HP: 33/33 MP: 7/7
  2501 | D:3      | Reached skill level 6 in Conjurations
  2824 | D:3      | Reached XP level 5. HP: 38/38 MP: 4/8
  3327 | D:4      | Learned a level 4 spell: Iskenderun's Mystic Blast
  3462 | D:4      | Found a white marble altar of Elyvilon.
  3958 | D:4      | Noticed an ogre
  3965 | D:4      | Killed an ogre
  3966 | D:4      | Reached skill level 7 in Conjurations
  3966 | D:4      | Reached skill level 1 in Translocations
  3966 | D:4      | Reached XP level 6. HP: 45/45 MP: 1/9
  4378 | D:4      | Found a glowing golden altar of the Shining One.
  5115 | D:5      | Entered Level 5 of the Dungeon
  5550 | D:5      | Your scales start taking on a rich purple colour.
  5550 | D:5      | Reached XP level 7. HP: 50/50 MP: 4/10
  5554 | D:5      | Reached skill level 8 in Conjurations
  5850 | D:5      | Found a radiant altar of Vehumet.
  6269 | D:5      | Found a staircase to the Ecumenical Temple.
  6279 | Temple   | Entered the Ecumenical Temple
  6803 | D:5      | Became a worshipper of Vehumet
  7604 | D:6      | Learned a level 3 spell: Mephitic Cloud
  7647 | D:6      | Reached skill level 9 in Conjurations
  7752 | D:6      | Reached XP level 8. HP: 57/57 MP: 7/11
  8123 | D:6      | Found a stormy altar of Qazlal.
  8647 | D:7      | Reached skill level 5 in Translocations
  8651 | D:7      | Reached skill level 10 in Conjurations
  9464 | D:7      | Reached skill level 11 in Conjurations
  9464 | D:7      | Reached XP level 9. HP: 53/62 MP: 4/12
 10444 | D:8      | Found a shimmering altar of Xom.
 10904 | D:8      | Reached skill level 12 in Conjurations
 10904 | D:8      | Reached skill level 1 in Fire Magic
 10904 | D:8      | Reached skill level 1 in Air Magic
 10904 | D:8      | Reached skill level 1 in Poison Magic
 11041 | D:8      | Found a transporter.
 11047 | D:8      | Found a transporter.
 11079 | D:8      | Noticed a catoblepas
 11580 | D:8      | Noticed a troll
 11901 | D:7      | Killed a troll
 12055 | D:9      | Found a staircase to the Lair.
 12056 | D:9      | Noticed a komodo dragon
 12479 | D:8      | Noticed a cyclops
 12501 | D:8      | Killed a cyclops
 12502 | D:8      | Reached XP level 10. HP: 58/69 MP: 2/15
 12685 | D:8      | Noticed a boulder beetle
 13186 | D:9      | Noticed a two-headed ogre
 13249 | D:9      | Reached * piety under Vehumet
 13249 | D:9      | Offered knowledge of Shock by Vehumet.
 13496 | D:9      | Killed a two-headed ogre
 14158 | D:9      | Found a sacrificial altar of Ru.
 14434 | D:9      | Reached skill level 5 in Spellcasting
 14602 | D:8      | Noticed Grum
 16134 | D:8      | Noticed Gastronok
 16326 | D:8      | Found a blossoming altar of Fedhas.
 16517 | D:8      | Noticed a four-headed hydra
 16903 | Lair:1   | Entered Level 1 of the Lair of Beasts
 16903 | Lair:1   | Noticed a cane toad
 16988 | D:10     | Entered Level 10 of the Dungeon
 16995 | D:9      | Reached XP level 11. HP: 56/74 MP: 12/18
 17394 | D:10     | Offered knowledge of Poisonous Vapours by Vehumet.
 17398 | D:10     | Learned a level 2 spell: Poisonous Vapours
 17434 | D:10     | Reached ** piety under Vehumet
 17437 | D:10     | Found an iron altar of Okawaru.
 17678 | D:10     | Found a staircase to the Orcish Mines.
 18179 | D:10     | Offered knowledge of Scorch by Vehumet.
 18319 | D:10     | Reached *** piety under Vehumet
 18431 | D:10     | Noticed Sonja
 18449 | D:10     | Killed Sonja
 18603 | D:10     | Noticed Erica
 18616 | D:10     | Killed Erica
 18617 | D:10     | Reached skill level 5 in Dodging
 18617 | D:10     | Reached skill level 5 in Air Magic
 18617 | D:10     | Reached skill level 5 in Poison Magic
 18620 | D:10     | Reached skill level 5 in Fire Magic
 18816 | D:10     | Noticed Snorg
 18950 | D:10     | Killed Snorg
 19366 | D:10     | Identified the +7 quarterstaff of Duamaup {freeze, *Slow
                  | +Blink rN+++ Int-5}
 19457 | D:11     | Noticed a two-headed ogre
 19482 | D:11     | Killed a two-headed ogre
 19514 | D:11     | Noticed a death knight
 20179 | Lair:1   | Reached skill level 1 in Fighting
 20179 | Lair:1   | Reached skill level 1 in Evocations
 20527 | Lair:1   | Offered knowledge of Conjure Flame by Vehumet.
 20711 | Lair:1   | Reached XP level 12. HP: 73/85 MP: 15/21
 20923 | Lair:1   | Learned a level 2 spell: Blink
 21353 | Lair:2   | Found a frozen archway.
 21362 | IceCv    | Entered an ice cave
 21469 | IceCv    | Noticed a death yak
 21470 | IceCv    | Noticed a death yak
 21471 | IceCv    | Noticed a death yak
 22054 | Lair:2   | Reached skill level 13 in Conjurations
 22447 | Lair:2   | Noticed Urug
 22471 | Lair:2   | Killed Urug
 23273 | Lair:3   | Reached **** piety under Vehumet
 23518 | Lair:3   | Found a staircase to the Snake Pit.
 23519 | Lair:3   | Offered knowledge of Fireball by Vehumet.
 23576 | Lair:3   | Noticed a death yak
 23577 | Lair:3   | Noticed a death yak
 23601 | Lair:3   | Noticed a death yak
 23749 | Lair:3   | Identified the +9 quarterstaff "Gusyorgh" {vorpal, rN+
                  | Dex+4}
 24000 | Lair:3   | Killed a death yak
 24001 | Lair:3   | Reached skill level 5 in Fighting
 24173 | Lair:3   | Reached skill level 1 in Staves
 24524 | Lair:3   | Noticed a death yak
 24675 | Lair:3   | Noticed Fannar
 24691 | Lair:3   | Killed Fannar
 25357 | Lair:4   | Noticed an eight-headed hydra
 25441 | Lair:3   | Killed a death yak
 25656 | Lair:4   | Killed an eight-headed hydra
 25811 | Lair:4   | Noticed a four-headed hydra
 26096 | Lair:4   | Found a staircase to the Shoals.
 26296 | Lair:4   | Reached XP level 13. HP: 95/102 MP: 19/23
 26939 | Lair:4   | Learned a level 5 spell: Fireball
 27287 | Lair:4   | Reached skill level 14 in Conjurations
 28235 | Lair:5   | Noticed Josephine
 28295 | Lair:5   | Reached ***** piety under Vehumet
 28474 | Lair:5   | Offered knowledge of Airstrike by Vehumet.
 28480 | Lair:5   | Learned a level 4 spell: Airstrike
 28602 | Lair:5   | You fall into a shaft and drop 1 floor!
 28602 | Lair:6   | Entered Level 6 of the Lair of Beasts
 29332 | Lair:5   | Killed Josephine
 30044 | Lair:6   | Learned a level 5 spell: Freezing Cloud
 30098 | Lair:6   | Reached XP level 14. HP: 110/110 MP: 20/26
 30259 | Lair:6   | Reached skill level 1 in Ice Magic
 30858 | Lair:6   | Reached skill level 15 in Conjurations
 31261 | Lair:6   | Found a runed translucent door.
 31261 | Lair:6   | Found a viscous altar of Jiyva.
 31265 | Lair:6   | Found a staircase to the Slime Pits.
 31726 | Lair:6   | Offered knowledge of Olgreb's Toxic Radiance by Vehumet.
 32142 | Lair:6   | Found the +3 pair of gauntlets of War {Slay+5}
 32622 | D:8      | Killed Gastronok
 33071 | D:8      | Found an ancient bone altar of Kikubaaqudgha.
 33071 | D:8      | Found a glowing silver altar of Zin.
 33071 | D:8      | Found a shimmering blue altar of Sif Muna.
 33073 | D:8      | Found a broken altar of Ashenzari.
 33075 | D:8      | Found a bloodstained altar of Trog.
 33183 | D:8      | Identified the ring "Zitod" {rPois rF+ rC+}
 33223 | D:8      | Noticed krigyl's ghost (novice DrCA)
 33233 | D:8      | Killed krigyl's ghost
 33248 | D:8      | Killed Grum
 33938 | D:11     | Reached skill level 5 in Ice Magic
 35059 | Snake:1  | Entered Level 1 of the Snake Pit
 35077 | Snake:1  | Reached skill level 1 in Long Blades
 35077 | Snake:1  | Reached XP level 15. HP: 64/115 MP: 10/28
 35734 | Snake:1  | Reached skill level 10 in Fire Magic
 35751 | Snake:1  | Offered knowledge of Ozocubu's Refrigeration by Vehumet.
 35985 | Snake:1  | Found Kaidghicw's Book Emporium.
 37371 | Snake:2  | Reached skill level 10 in Air Magic
 39843 | Snake:3  | Noticed Mara
 40198 | Snake:2  | Offered knowledge of Spellforged Servitor by Vehumet.
 40360 | Snake:3  | Noticed a nagaraja
 40366 | Snake:3  | Killed a nagaraja
 40856 | Snake:3  | Reached XP level 16. HP: 122/122 MP: 29/29
 41168 | Snake:3  | Noticed pkoi's illusion
 41173 | Snake:3  | Killed Mara
 42063 | Snake:4  | Entered Level 4 of the Snake Pit
 42418 | Snake:4  | Found a one-way gate to the infinite horrors of the Abyss.
 42870 | Shoals:1 | Entered Level 1 of the Shoals
 43031 | Shoals:1 | Learned a level 7 spell: Spellforged Servitor
 43319 | Shoals:1 | Reached skill level 1 in Summonings
 43661 | Shoals:1 | Reached skill level 5 in Stealth
 44762 | Shoals:2 | Offered knowledge of Lee's Rapid Deconstruction by Vehumet.
 44926 | Shoals:2 | Reached skill level 5 in Summonings
 45250 | Shoals:2 | Noticed a kraken
 45256 | Shoals:2 | Killed a kraken
 45326 | Shoals:2 | Found Mirirots's Jewellery Boutique.
 45414 | Shoals:2 | Reached skill level 10 in Spellcasting
 46196 | Shoals:3 | Found a transporter.
 46549 | Shoals:3 | Found a transporter.
 46575 | Shoals:3 | Noticed fearitself's ghost (adept MiBe)
 46838 | Shoals:3 | Reached XP level 17. HP: 128/128 MP: 30/31
 47797 | Shoals:4 | Entered Level 4 of the Shoals
 47953 | Shoals:4 | Hit by a silver javelin thrown by a merfolk javelineer

Illustrated notes

Levels and vault maps discovered:
D:1:      giann_bridges, layout_basic, shapermc_ecumenical_altar_flowoftime,
          serial_bayou_crossing
D:2:      layout_loops_cross, nrook_uturn, minmay_misc_feat_enclosed,
          dk_vineyard_1
D:3:      layout_basic
D:4:      layout_gridville, elyvilon_altar_4, nicolae_tso_besieged_by_evil
D:5:      layout_basic, vehumet_crystals, minmay_temple_entry_mini_moons,
          minmay_misc_feat_rows
D:6:      layout_cave_pools, nicolae_qazlal_general_emergency
D:7:      cheibrodos_steamvent, layout_basic
D:8:      nzn_winding_woodlands_cross [nzn_winding_woodlands_5x15_lazy_stream,
          nzn_winding_woodlands_5x15_longhouse,
          nzn_winding_woodlands_5x15_split_checker,
          nzn_winding_woodlands_5x15_concentric,
          nzn_winding_woodlands_15x15_five_gardens], layout_basic, minitemple,
          lemuel_crystal_altar, gammafunk_ghost_gnarly_gnolls,
          chequers_mini_garden, uniq_gastronok
D:9:      layout_rooms, nicolae_ru_sacrificial_ziggurat, david_lair_shrubbed
D:10:     layout_long_grid, kennysheep_okawaru_gauntlet, zombieorc2_lemuel,
          uniq_erica, uniq_snorg, uniq_sonja
D:11:     layout_long_grid, uniq_grum
Temple:   jpeg_temple_island
Lair:1:   layout_cave_pods
Lair:2:   layout_cave_pods, portal_ice_cave_entry_pillars_2,
          chequers_serial_rivers_small_3, uniq_urug
Lair:3:   layout_regular_city, minmay_snake_entry_six_corridors, st_stairs_13,
          uniq_fannar
Lair:4:   beast_lair_carwin_large_4, layout_gridlike, shoals_dummy_entry,
          hibernation_bobbens
Lair:5:   layout_concentric_octagons, grunt_megastairs_2, uniq_josephine
Lair:6:   grunt_lair_end_beastmaster, layout_hall_layers, slime_altar_2,
          nicolae_lair_grazing_beasts [nicolae_sub_lair_graze_edge,
          nicolae_sub_lair_graze_edge, nicolae_sub_lair_graze_edge,
          nicolae_sub_lair_graze_edge], grunt_megastairs_1,
          infiniplex_staircase_pool_2
Shoals:1: layout_shoals, nicolae_shoals_seven_spires,
          nicolae_shoals_spring_well_temple
Shoals:2: layout_shoals, serial_shops, shop
Shoals:3: layout_shoals, gammafunk_ghost_berserking_beasts,
          nicolae_shoals_dead_sea_scrolls
Shoals:4: shoals_end_grunt_ice, layout_shoals, gammafunk_ghost_cemetery
Snake:1:  layout_cave_pods, serial_shops,
          nicolae_shop_temple_entry_statues_fountains,
          nicolae_snake_guarding_the_ruins, lemuel_fruit_tree,
          grunt_megastairs_3
Snake:2:  layout_misc_corridors, serial_bayou_shore_b
Snake:3:  layout_gridlike, serial_bayou_shore_b, uniq_mara
Snake:4:  grunt_snake_rune_spirals, layout_onion_interference, serial_shops,
          shop, basic_altar, amcnicky_altar_lugonu_corruption

Skill      XL: |  1  2  3  4  5  6  7  8  9 10 11 12 13 14 15 16 17 |
---------------+----------------------------------------------------+-----
Conjurations   | 5 6 7 9 11 12 13 14 15 | 15.0
Translocations | 1 2 4 6 7 8 9 |  9.2
Dodging        | 2 4 6 7 8 |  8.1
Fire Magic     | 2 4 6 8 9 11 12 | 12.3
Air Magic      | 2 4 6 7 9 11 | 11.9
Poison Magic   | 2 4 6 |  6.0
Spellcasting   | 3 5 6 7 8 9 10 | 10.9
Stealth        | 2 3 4 6 |  6.0
Fighting       | 1 5 6 |  6.0
Evocations     | 1 2 3 |  3.0
Staves         | 2 4 |  4.5
Ice Magic      | 5 8 9 |  9.5
Long Blades    | 1 3 |  3.0
Summonings     | 7 8 |  8.4

Action                   |  1- 3 |  4- 6 |  7- 9 | 10-12 | 13-15 | 16-18 || total
-------------------------+-------+-------+-------+-------+-------+-------++-------
Melee: Hand axe          |    12 |       |       |       |       |       ||    12
       Tailslap          |    10 |     2 |     5 |     8 |    34 |     4 ||    63
       Staff             |    17 |       |       |       |       |       ||    17
       Mace              |     3 |    66 |    37 |    52 |       |    12 ||   170
       Punch             |       |     1 |       |       |       |     1 ||     2
       Quarterstaff      |       |       |       |    12 |   150 |     5 ||   167
 Cast: Magic Dart        |    50 |    62 |    64 |    99 |     8 |       ||   283
       Searing Ray       |     1 |    14 |    48 |   165 |    40 |       ||   268
       Mephitic Cloud    |       |       |     9 |    22 |     1 |       ||    32
       Iskenderun's Myst |       |       |     3 |    43 |    53 |    23 ||   122
       Poisonous Vapours |       |       |       |   114 |   189 |     5 ||   308
       Fireball          |       |       |       |       |    54 |     6 ||    60
       Freezing Cloud    |       |       |       |       |   166 |   152 ||   318
       Airstrike         |       |       |       |       |    82 |   104 ||   186
       Blink             |       |       |       |       |     5 |     2 ||     7
 Abil: Breathe Dispellin |       |       |     1 |       |       |       ||     1
  Use: Scroll            |       |     7 |     5 |     6 |     4 |     1 ||    23
       Potion            |       |       |     8 |     3 |       |     1 ||    12
 Stab: Sleeping          |     1 |     4 |       |     1 |     1 |     1 ||     8
       Petrified         |       |       |       |       |     2 |       ||     2
Armor: Skin              |    12 |    32 |    46 |   168 |   137 |    24 ||   419
Dodge: Dodged            |    31 |    54 |    84 |   408 |   275 |    78 ||   930
       Repelled          |       |       |     1 |       |    29 |    16 ||    46
